 Dungeon Crawl Stone Soup version 0.30-a0-743-gbfdf073431 (webtiles) character file.

Game seed: 2943927926399932614

78 Dittersdorf the Shield-Bearer (level 4, 0/29 HPs)
             Began as a Gargoyle Fighter on Feb 7, 2023.
             Slain by a gnoll
             ... wielding a +0 halberd
              (8 damage)
             ... on level 3 of the Dungeon.
             The game lasted 00:02:44 (1833 turns).

Dittersdorf the Shield-Bearer (Gargoyle Fighter)    Turns: 1833, Time: 00:02:45

Health: 0/29       AC: 11    Str: 21    XL:     4   Next: 36%
Magic:  4/4        EV:  8    Int:  9    God:
Gold:   155        SH:  8    Dex:  9    Spells: 3/3 levels left

rFire   . . .      SeeInvis +    a - +0 flail
rCold   . . .      Faith    .    j - +0 kite shield
rNeg    + . .      Spirit   .    b - +0 scale mail
rPois   ∞          Reflect  .    (no helmet)
rElec   +          Harm     .    (no cloak)
rCorr   .          Rampage  .    (no gloves)
Will    .....                    s - +0 pair of boots Stlth
                                 (no amulet)
HPRegen 0.24/turn                n - ring of see invisible
MPRegen 0.09/turn                (no ring)

@: no status effects
A: sickness immunity, AC +3, negative energy resistance 1, electricity
resistance, torment resistance 1, petrification resistance
a: no special abilities


You were on level 3 of the Dungeon.
You visited 1 branch of the dungeon, and saw 3 of its levels.

You collected 155 gold pieces.

Inventory:

Hand Weapons
 a - a +0 flail (weapon)
Missiles
 l - 6 poisoned darts (quivered)
Armour
 b - a +0 scale mail (worn)
 j - a +0 kite shield (worn)
 s - a +0 pair of boots (worn)
Jewellery
 n - a ring of see invisible (left hand)
Scrolls
 e - 2 scrolls of noise {unknown}
 f - 2 scrolls of enchant weapon {unknown}
 h - a scroll of fog {unknown}
 i - 2 scrolls of identify {unknown}
 o - a scroll of magic mapping {unknown}
 p - a scroll of blinking {unknown}
 r - 2 scrolls of fear {unknown}
Potions
 d - 2 potions of might
 g - 3 potions of invisibility {unknown}
 k - a potion of attraction {unknown}
 m - 2 potions of magic {unknown}
 q - a potion of heal wounds {unknown}


   Skills:
 + Level 4.0 Fighting
 + Level 2.8 Maces & Flails
 + Level 3.9 Armour
 + Level 4.0 Shields


You had 3 spell levels left.
You didn't know any spells.
Your spell library was empty.

Dungeon Overview and Level Annotations

Branches:
Dungeon (3/15)

Altars:


Innate Abilities, Weirdness & Mutations

You are immune to sickness and miasma.
Your stone body is resilient. (AC +3)
You are immune to poison.
You resist negative energy. (rN+)
You are resistant to electric shocks. (rElec)
You are resistant to unholy torment.
You are immune to petrification.


Message History

A gnoll comes into view. It is wielding a +0 club.
A kobold comes into view. It is wielding a +0 dagger.
There is an open door here.
There is a stone staircase leading up here.
You sock the gnoll!
The gnoll is almost dead.
The gnoll hits you but does no damage.
The gnoll hits you from afar with a +0 halberd.
You hit the gnoll but do no damage.
The gnoll is almost dead.
The gnoll hits you with a +0 club. You block the gnoll's attack. x2
The gnoll hits you but does no damage.
You hit the gnoll but do no damage.
The gnoll is almost dead.
You block the gnoll's attack.
The gnoll hits you from afar with a +0 halberd.
You closely miss the gnoll.
The gnoll is almost dead.
The gnoll hits you but does no damage.
The gnoll hits you from afar with a +0 halberd!
The gnoll hits you but does no damage.
The gnoll hits you from afar with a +0 halberd.
* * * LOW HITPOINT WARNING * * *
You are too injured to fight recklessly!
You are too injured to fight recklessly!
You are too injured to fight recklessly!
You are too injured to fight recklessly!
You are too injured to fight recklessly!
You are too injured to fight recklessly!
You are too injured to fight recklessly!
You are too injured to fight recklessly!
You are too injured to fight recklessly!
You are too injured to fight recklessly!
You are too injured to fight recklessly!
You are too injured to fight recklessly!
You are too injured to fight recklessly!
Your library has no spells.
You block the gnoll's attack.
The gnoll hits you from afar with a +0 halberd!
You die...

#.# .. #.# #)#
#.##)# #######.#
#.##[# ##.......#
#..#.# .........#
#..#.##
##.#####.#.#.....#
....>..#(#.#..####
...#.###.#.#..####
...#...#.#.#..gg@#
...#.###.#.#.#####
.......#.#.#.#
....g#.#.#.#.#
.....g.....#.#
.#####.#.....# .#
#.####### .# #.#
.# #.#


You could see 2 gnolls.

Vanquished Creatures
  An orc wizard (D:3)
  A worm (D:2)
  3 dart slugs
  2 orcs (D:3)
  4 endoplasms
  A giant cockroach (D:1)
  2 hobgoblins
  4 quokkas
  4 ball pythons
  3 bats (D:1)
  8 goblins
  2 kobolds
  5 rats
40 creatures vanquished.

Notes
Turn   | Place    | Note
-------+----------+-------------------------------------------
     0 | D:1      | Dittersdorf the Gargoyle Fighter began the quest for the
                  | Orb.
     0 | D:1      | Reached XP level 1. HP: 14/14 MP: 1/1
   225 | D:1      | Reached XP level 2. HP: 18/19 MP: 2/2
   697 | D:1      | Reached XP level 3. HP: 23/23 MP: 3/3
  1666 | D:3      | Reached XP level 4. HP: 19/29 MP: 4/4
  1833 | D:3      | Slain by a gnoll

Illustrated notes

Levels and vault maps discovered:
D:1:      matt_arrival_debris, layout_loops_corners
D:2:      layout_rooms, serial_bayou, serial_bayou_ford_a,
          serial_bayou_lagoon_a, serial_bayou_pond_c, serial_bayou_pond_e,
          serial_bayou_shore_b
D:3:      layout_basic, minmay_misc_feat_rows

Skill      XL: |  1  2  3  4 |
---------------+-------------+-----
Fighting       | 4 |  4.0
Shields        | 4 |  4.0
Maces & Flails | |  2.8
Armour         | |  3.9

Action                     |  1- 3 |  4- 6 || total
---------------------------+-------+-------++-------
  Melee: Flail             |   144 |    17 ||   161
 Armour: Scale mail        |    81 |    10 ||    91
  Dodge: Dodged            |    64 |     2 ||    66
  Block: Buckler           |    19 |       ||    19
         Kite shield       |    10 |     9 ||    19

Table legend: (Time is in decaauts)
 A = Elapsed time spent in this place.
 B = Non-inter-level travel time spent in this place.
 C = Inter-level travel time spent in this place.
 D = Time resting spent in this place.
 E = Time spent auto-exploring this place.
 F = Levels seen in this place.
 G = Mean time per level.
                   A        B        C        D        E       F      G
               +--------+--------+--------+--------+--------+-----+--------+
         Total |   1900 |   1840 |     60 |    139 |   1227 |   3 |  633.3 |
       Dungeon |   1900 |   1840 |     60 |    139 |   1227 |   3 |  633.3 |
               +--------+--------+--------+--------+--------+-----+--------+

Top non-repeatable levels by time:
     D:1: 1055 daAuts
     D:2: 484 daAuts
     D:3: 360 daAuts
